 Dungeon Crawl Stone Soup version 0.25.1-2-g60ff931df9 (webtiles) character file.

Game seed: 12725762542338487209

1030 DildoBatman the Conjurer (level 8, 0/52 HPs)
             Began as a Formicid Wizard on Aug 29, 2020.
             Was an Initiate of Kikubaaqudgha.
             Killed by divine providence
             ... invoked by an orc priest
              (13 damage)
             ... on level 5 of the Dungeon.
             The game lasted 00:18:00 (4664 turns).

DildoBatman the Conjurer (Formicid Wizard)          Turns: 4664, Time: 00:18:01

Health: 0/52       AC:  9    Str: 12    XL:     8   Next: 47%
Magic:  8/21       EV: 10    Int: 20    God:    Kikubaaqudgha [......]
Gold:   220        SH:  4    Dex:  9    Spells: 6/13 levels left

rFire    . . .     SeeInvis +   a - +2 short sword (venom)
rCold    . . .     Gourm    .   r - +0 buckler
rNeg     . . .     Faith    .   t - +4 ring mail
rPois    .         Spirit   .   (helmet unavailable)
rElec    .         Reflect  .   (no cloak)
rCorr    .         Harm     .   (no gloves)
MR       .....                  (no boots)
Stlth    +.........             m - amulet of magic regeneration
HPRegen  0.17/turn              E - ring of wizardry
MPRegen  0.42/turn              A - ring of magical power

@: no status effects
A: permanent stasis, dig shafts and tunnels, four strong arms, antennae 3
a: Dig, Shaft Self, Renounce Religion


You were on level 5 of the Dungeon.
You worshipped Kikubaaqudgha.
Kikubaaqudgha was noncommittal.
You were very hungry.

You visited 2 branches of the dungeon, and saw 6 of its levels.

You collected 256 gold pieces.
You spent 36 gold pieces at shops.

Inventory:

Hand Weapons
 a - a +2 short sword of venom (weapon)
 b - a +0 hunting sling
 d - a +2 dagger of holy wrath
Missiles
 e - 18 arrows
 f - 7 boomerangs
 g - 103 stones
 w - 15 poisoned darts (quivered)
 y - 30 bolts
 H - 18 sling bullets
Armour
 j - a +0 kite shield
 r - a +0 buckler (worn)
 t - a +4 ring mail (worn)
 F - a +1 robe of magic resistance
Jewellery
 m - an amulet of magic regeneration (around neck)
 A - a ring of magical power (right hand)
 E - a ring of wizardry (left hand)
Wands
 J - a wand of polymorph (8)
Scrolls
 c - a scroll of blinking {unknown}
 h - 3 scrolls of enchant armour
 i - a scroll of fog {unknown}
 l - 2 scrolls of immolation {unknown}
 n - 2 scrolls of random uselessness {unknown}
 p - 2 scrolls of amnesia
 q - a scroll of teleportation {unknown}
 x - 2 scrolls of remove curse
 z - 3 scrolls of identify
Potions
 k - 3 potions of flight
 o - a potion of curing
 s - a potion of magic {unknown}
 u - a potion of stabbing
 B - a potion of might {unknown}
 D - a potion of resistance {unknown}
 G - a potion of heal wounds {unknown}
 I - a potion of mutation {unknown}
Comestibles
 v - 7 rations


   Skills:
 - Level 1.7 Dodging
 - Level 2.4 Stealth
 - Level 3.0 Shields
 - Level 3.2 Spellcasting
 * Level 5.7 Conjurations
   Level 1.0 Summonings
   Level 0.8 Translocations
 * Level 4.1 Fire Magic
 * Level 3.4 Air Magic


You had 6 spell levels left.
You knew the following spells:

 Your Spells              Type           Power        Failure   Level  Hunger
a - Conjure Flame         Conj/Fire      ###.....     4%          3    ###....
c - Magic Dart            Conj           ####         1%          1    None
e - Mephitic Cloud        Conj/Pois/Air  ###.....     11%         3    ###....

Your spell library contained the following spells:

 Spells                   Type           Power        Failure   Level  Hunger
 Call Imp                 Summ           #.......     13%         2    ##.....
 Slow                     Hex            #.......     19%         2    ##.....
 Blink                    Tloc           Unusable     N/A         2    N/A

Dungeon Overview and Level Annotations

Branches:
Dungeon (5/15)             Temple (1/1) D:5

Altars:
Ashenzari
Cheibriados
Dithmenos
Elyvilon
Fedhas
Gozag
Hepliaklqana
Kikubaaqudgha
Nemelex Xobeh
Okawaru
Qazlal
Ru
Sif Muna
Trog
Uskayaw
Vehumet
Wu Jian
Xom
Yredelemnul
Zin
The Shining One

Shops:
D:4 ?}

Annotations:
D:1 Robin
D:2 1 exclusion
D:3 Dowan, Duvessa, Edmund
D:4 2 exclusions


Innate Abilities, Weirdness & Mutations

You cannot be hasted, slowed, berserked, paralysed or teleported.
You can dig through walls and to a lower floor.
Your four strong arms can wield two-handed weapons with a shield.
You have a pair of large antennae on your head. (SInv)


Message History

The hound is engulfed in noxious fumes.
The hound appears confused.
The hound barely misses the orc.
The orc wizard is engulfed in noxious fumes.
The orc wizard appears confused.
The orc wizard barely misses the orc.
The orc wizard closely misses itself.
The hound is engulfed in noxious fumes.
The hound appears confused.
The hound barely misses the worker ant.
The orc is engulfed in noxious fumes.
The orc appears confused.
The orc barely misses the orc wizard.
The hound is engulfed in noxious fumes.
The hound appears confused.
The hound barely misses the orc.
The orc priest mumbles some strange prayers to Beogh against you.
Beogh smites you!
You die...
Kikubaaqudgha rasps: "You have failed me!
Welcome... death!"

#.# ##.# ###'###..#
#.....#.## ###.###.#.#
#.+.'>#.'.# #.#.###.#.#
#.#.....#.# #.###+###.#
########oho)).@..########*
**#......oaoo######........*
*,,.#####)#### #..######.*
,,*** ##.[# #.## *,* ***
#..## ####.# *,* ##)##
#.<..# *,* #####o{# **#.####
*,* ##{....†# #...# *,*
o{o###### *#.### *,*


You could see a hound (confused), a worker ant, an orc priest, an orc wizard
(invisible, confused) and 3 orcs.

Vanquished Creatures
  A hippogriff (D:5)
  An orc warrior (D:5)
  An ogre (D:4)
  A crimson imp (D:5)
  A bullfrog skeleton (D:4)
  A centaur zombie (D:5)
  3 hounds
  A gnoll shaman (D:4)
  3 orc priests (D:5)
  An iguana (D:4)
  4 orc wizards
  3 worker ants
  A hound skeleton (D:4)
  7 gnolls
  4 adders
  A shadow imp (D:5)
  An ooze (D:3)
  6 worms
  2 dart slugs (D:2)
  6 leopard geckos
  23 orcs
  2 ball pythons
  4 bats
  5 giant cockroaches
  8 hobgoblins
  3 jackals (D:3)
  7 kobolds
  2 quokkas
  7 frilled lizards
  15 goblins
  2 rats (D:3)
127 creatures vanquished.

Notes
Turn   | Place    | Note
-------+----------+-------------------------------------------
     0 | D:1      | DildoBatman the Formicid Wizard began the quest for the
                  | Orb.
     0 | D:1      | Reached XP level 1. HP: 13/13 MP: 4/4
    54 | D:1      | Reached skill level 1 in Conjurations
   238 | D:1      | Reached XP level 2. HP: 19/19 MP: 3/6
   429 | D:1      | Reached skill level 2 in Conjurations
  1012 | D:2      | Noticed Robin
  1101 | D:2      | Reached XP level 3. HP: 19/24 MP: 1/7
  1106 | D:2      | Learned a level 3 spell: Conjure Flame
  1110 | D:2      | Learned a level 3 spell: Mephitic Cloud
  1330 | D:2      | Reached skill level 3 in Conjurations
  1498 | D:2      | Reached XP level 4. HP: 17/30 MP: 3/8
  2322 | D:3      | Reached skill level 4 in Conjurations
  2322 | D:3      | Reached XP level 5. HP: 19/35 MP: 6/9
  2403 | D:3      | Reached skill level 1 in Fire Magic
  2504 | D:3      | Reached skill level 1 in Air Magic
  2521 | D:3      | Reached XP level 6. HP: 31/41 MP: 0/10
  3013 | D:4      | Noticed an ogre
  3065 | D:4      | Reached skill level 1 in Shields
  3133 | D:4      | Killed an ogre
  3133 | D:4      | Reached XP level 7. HP: 26/46 MP: 1/11
  3289 | D:4      | Found Goit Nim's Magic Scroll Boutique.
  3303 | D:4      | Bought a scroll of remove curse for 36 gold pieces
  3486 | D:4      | Found Aschio Ceny's Gadget Shoppe.
  3532 | D:4      | Reached skill level 5 in Conjurations
  3636 | D:4      | Noticed Edmund
  3662 | D:4      | Noticed Dowan
  3851 | D:4      | Noticed Duvessa
  4322 | D:5      | Entered Level 5 of the Dungeon
  4357 | D:5      | Found a staircase to the Ecumenical Temple.
  4365 | Temple   | Entered the Ecumenical Temple
  4489 | Temple   | Became a worshipper of Kikubaaqudgha
  4579 | D:5      | Reached XP level 8. HP: 52/52 MP: 12/12
  4624 | D:5      | Noticed a hippogriff
  4650 | D:5      | Killed a hippogriff
  4664 | D:5      | Killed from afar by an orc priest

Illustrated notes

Levels and vault maps discovered:
D:1:      lightli_arrival_statuegarden, layout_loops_corners,
          minmay_misc_feat_rows
D:2:      layout_basic, serial_co_window_serial, co_window_corner_a,
          co_window_paths_b, co_window_paths_b, co_window_cross_1,
          co_window_paths_b, co_window_cross_1, co_window_corner_ca,
          co_window_cross_3, co_window_unsneaky_path_b, co_window_paths_d,
          glass_columns_c, uniq_robin
D:3:      layout_rooms, first_ration
D:4:      layout_layer_cave, serial_shops, shop, kennysheep_mini_moat,
          ebering_dispersal_statue_hall, hangedman_abyss_or_decor_lesser_grid,
          uniq_edmund, uniq_duvessa
D:5:      layout_rooms, minmay_temple_entry_glassed_door
Temple:   compressed_dpeg_triangle_lava_temple

Skill      XL: |  1  2  3  4  5  6  7  8 |
---------------+-------------------------+-----
Conjurations   | 1 2 3 4 5 |  5.7
Fire Magic     | 1 2 3 4 |  4.1
Air Magic      | 1 2 3 |  3.4
Shields        | 1 3 |  3.0
Dodging        | |  1.7
Stealth        | |  2.4
Spellcasting   | |  3.2
Summonings     | |  1.0
Translocations | |  0.8

Action                   |  1- 3 |  4- 6 |  7- 9 || total
-------------------------+-------+-------+-------++-------
Melee: Unarmed           |     1 |       |       ||     1
       Whip              |     3 |       |       ||     3
       Short sword       |       |    14 |    50 ||    64
 Fire: Hunting sling     |     3 |    11 |       ||    14
Throw: Dart              |       |     7 |       ||     7
 Cast: Magic Dart        |    87 |   159 |    49 ||   295
       Mephitic Cloud    |       |    10 |    18 ||    28
       Conjure Flame     |       |     1 |     5 ||     6
 Abil: Dig               |       |     7 |     6 ||    13
  Use: Potion            |       |     2 |       ||     2
       Scroll            |       |     5 |     1 ||     6
  Eat: Chunk             |     2 |     6 |     7 ||    15
Armor: Robe              |     1 |     5 |     1 ||     7
       Ring mail         |       |       |     2 ||     2
Dodge: Dodged            |    12 |    29 |    27 ||    68
Block: Buckler           |       |       |    11 ||    11
